BSA
NIAGARA FALLS FRENZY @ ST CHARLES SHEENS
07/31/2027
 
TOP OF THE 1ST
Niagara Falls Frenzy batting - Pitching for St Charles Sheens : RHP Sang-joon Pak
Pitching: RHP Sang-joon Pak
Batting: RHB Jorge Cora 0-0: Called Strike
0-1: Ball
1-1: Ball
2-1: Called Strike
2-2: Foul Ball, location: 2F
2-2: Ball
3-2: Strikes out swinging, 2-3 out at first.
Batting: RHB Zander Tremblett 0-0: Ball
1-0: Swinging Strike
1-1: Ball
2-1: Ground out 6-3 (Groundball, 6)
Batting: LHB Clyde Yarbrough 0-0: Ball
1-0: Ball
2-0: Called Strike
2-1: Called Strike
2-2: Ball
3-2: Ground out 1-3 (Groundball, 13S)
Top of the 1st over - 0 run(s), 0 hit(s), 0 error(s), 0 left on base; Niagara Falls 0 - St Charles 0
BOTTOM OF THE 1ST
St Charles Sheens batting - Pitching for Niagara Falls Frenzy : LHP Manuel Rodríguez
Pitching: LHP Manuel Rodríguez
Batting: RHB Jesús Hernández 0-0: Ball
1-0: Called Strike
1-1: Ball
2-1: Ball
3-1: DOUBLE (Line Drive, 7LM)
Batting: RHB Dan Tyler 0-0: Called Strike
0-1: Ball
1-1: SINGLE (Groundball, 4D)
Jesús Hernández to third
Runner from 3rd tries for Home, SAFE, no throw
Batting: LHB Larry Howard 0-0: Called Strike
0-1: Ball
1-1: Fly out, F6 (Popup, 6D)
Batting: RHB Max Rash 0-0: Foul Ball, location: 2F
0-1: Ball
1-1: Ball
2-1: Ball
3-1: Foul Ball, location: 2F
3-2: SINGLE (Groundball, 34D)
Dan Tyler to second
Throwing error, E9
Dan Tyler scores
Max Rash to second
Batting: LHB Stan Bates 0-0: Ball
1-0: SINGLE (Groundball, 34D)
Max Rash to third
Runner from 3rd tries for Home, SAFE, throw made home
Batting: LHB Juan Jose Rojas 0-0: Ball
1-0: Ball
2-0: Swinging Strike
2-1: SINGLE (Groundball, 56D)
Stan Bates to second
Stan Bates to third
Batting: LHB Gene Cooper 0-0: Swinging Strike
0-1: Ball
1-1: Called Strike
1-2: Fly out, F6 (Popup, 56)
Batting: LHB Marcos Cantú 0-0: Ball
1-0: Swinging Strike
1-1: Ball
2-1: Ball
3-1: Fielders Choice at 2nd, 4-6 (Groundball, 4)
Bottom of the 1st over - 3 run(s), 5 hit(s), 1 error(s), 1 left on base; Niagara Falls 0 - St Charles 3
TOP OF THE 2ND
Niagara Falls Frenzy batting - Pitching for St Charles Sheens : RHP Sang-joon Pak
Batting: SHB Martín De Jesús 0-0: Ball
1-0: Foul Ball, location: 2F
1-1: Ground out 5-3 (Groundball, 56S)
Batting: RHB Ángel Hinojosa 0-0: Ground out 6-3 (Groundball, 6)
Batting: LHB Bill Hall 0-0: Called Strike
0-1: Swinging Strike
0-2: Ball
1-2: Ball
2-2: Ball
3-2: Strikes out looking
Top of the 2nd over - 0 run(s), 0 hit(s), 0 error(s), 0 left on base; Niagara Falls 0 - St Charles 3
BOTTOM OF THE 2ND
St Charles Sheens batting - Pitching for Niagara Falls Frenzy : LHP Manuel Rodríguez
Batting: RHB Kel Pierce 0-0: Called Strike
0-1: Called Strike
0-2: Ground out 4-3 (Groundball, 4)
Batting: RHB Jesús Hernández 0-0: Foul Ball, location: 2F
0-1: Ball
1-1: Ball
2-1: Fly out, F8 (Flyball, 8LM)
Batting: RHB Dan Tyler 0-0: Foul Ball, location: 2F
0-1: Ball
1-1: Swinging Strike
1-2: Foul Ball, location: 2F
1-2: Ball
2-2: Foul Ball, location: 2F
2-2: Fly out, F7 (Flyball, 7)
Bottom of the 2nd over - 0 run(s), 0 hit(s), 0 error(s), 0 left on base; Niagara Falls 0 - St Charles 3
TOP OF THE 3RD
Niagara Falls Frenzy batting - Pitching for St Charles Sheens : RHP Sang-joon Pak
Batting: RHB Tomás Estrada 0-0: Ball
1-0: Ground out 4-3 (Groundball, 4M)
Batting: SHB Dave MacThomas 0-0: Swinging Strike
0-1: Ball
1-1: Ball
2-1: Foul Ball, location: 2F
2-2: SINGLE (Groundball, 4D)
Batting: RHB Jung-ha Kim 0-0: Called Strike
0-1: Foul Ball, location: 2F
0-2: Fly out, F9 (Flyball, 89M)
Batting: RHB Jorge Cora 0-0: Reached on error, E9 (Flyball, 9)
Dave MacThomas to third
Batting: RHB Zander Tremblett 0-0: Reached via error on a dropped throw, E1
Dave MacThomas scores
Jorge Cora to third
Batting: LHB Clyde Yarbrough 0-0: Called Strike
0-1: Ball
1-1: Foul Ball, location: 2F
1-2: Foul Ball, location: 2F
1-2: Ball
2-2: TRIPLE (Flyball, 9LM)
Jorge Cora scores
Zander Tremblett scores
Batting: SHB Martín De Jesús 0-0: Called Strike
0-1: Ball
1-1: Ball
2-1: Called Strike
2-2: Ball
3-2: Ground out 4-3 (Groundball, 4)
Top of the 3rd over - 3 run(s), 2 hit(s), 2 error(s), 1 left on base; Niagara Falls 3 - St Charles 3
BOTTOM OF THE 3RD
St Charles Sheens batting - Pitching for Niagara Falls Frenzy : LHP Manuel Rodríguez
Batting: LHB Larry Howard 0-0: Called Strike
0-1: SINGLE (Groundball, 34S) (infield hit)
Batting: RHB Max Rash 0-0: Ball
1-0: Foul Ball, location: 2F
1-1: Swinging Strike
1-2: Ball
2-2: Foul Ball, location: 2F
2-2: Foul Ball, location: 2F
2-2: Strikes out swinging
Batting: LHB Stan Bates 0-0: Called Strike
0-1: Foul Ball, location: 2F
0-2: Ball
1-2: Foul Ball, location: 2F
1-2: SINGLE (Groundball, 34D)
Larry Howard to second
Runner from 2nd tries for 3rd, SAFE, throw made to third
Batting: LHB Juan Jose Rojas 0-0: Ball
1-0: Called Strike
1-1: Called Strike
1-2: Grounds into double play, 4-6-3 (Groundball, 4)
Bottom of the 3rd over - 0 run(s), 2 hit(s), 0 error(s), 1 left on base; Niagara Falls 3 - St Charles 3
TOP OF THE 4TH
Niagara Falls Frenzy batting - Pitching for St Charles Sheens : RHP Sang-joon Pak
Batting: RHB Ángel Hinojosa 0-0: Swinging Strike
0-1: Swinging Strike
0-2: Foul Ball, location: 2F
0-2: Ball
1-2: Ground out 5-3 (Groundball, 56S)
Batting: LHB Bill Hall 0-0: Foul Ball, location: 2F
0-1: Ground out 6-3 (Groundball, 6)
Batting: RHB Tomás Estrada 0-0: Called Strike
0-1: SINGLE (Groundball, 34D)
Batting: SHB Dave MacThomas 0-0: Fly out, F6 (Line Drive, 56)
Top of the 4th over - 0 run(s), 1 hit(s), 0 error(s), 1 left on base; Niagara Falls 3 - St Charles 3
BOTTOM OF THE 4TH
St Charles Sheens batting - Pitching for Niagara Falls Frenzy : LHP Manuel Rodríguez
Batting: LHB Gene Cooper 0-0: Ball
1-0: Fly out, F8 (Line Drive, 8LXD)
Batting: LHB Marcos Cantú 0-0: Ball
1-0: Foul Ball, location: 2F
1-1: Fly out, F9 (Line Drive, 9)
Batting: RHB Kel Pierce 0-0: Ball
1-0: Ground out 6-3 (Groundball, 6)
Bottom of the 4th over - 0 run(s), 0 hit(s), 0 error(s), 0 left on base; Niagara Falls 3 - St Charles 3
TOP OF THE 5TH
Niagara Falls Frenzy batting - Pitching for St Charles Sheens : RHP Sang-joon Pak
Batting: RHB Jung-ha Kim 0-0: Ball
1-0: Foul Ball, location: 2F
1-1: Foul Ball, location: 2F
1-2: Strikes out looking
Batting: RHB Jorge Cora 0-0: Ball
1-0: Foul Ball, location: 2F
1-1: Called Strike
1-2: Foul Ball, location: 2F
1-2: Fly out, F7 (Line Drive, 7D)
Batting: RHB Zander Tremblett 0-0: Ball
1-0: Foul Ball, location: 2F
1-1: Ball
2-1: Swinging Strike
2-2: Fly out, F8 (Flyball, 89S)
Top of the 5th over - 0 run(s), 0 hit(s), 0 error(s), 0 left on base; Niagara Falls 3 - St Charles 3
BOTTOM OF THE 5TH
St Charles Sheens batting - Pitching for Niagara Falls Frenzy : LHP Manuel Rodríguez
Batting: RHB Jesús Hernández 0-0: Fly out, F5 (Popup, 56)
Batting: RHB Dan Tyler 0-0: Called Strike
0-1: Ground out 6-3 (Groundball, 6)
Batting: LHB Larry Howard 0-0: Called Strike
0-1: Swinging Strike
0-2: Ball
1-2: Ball
2-2: Ball
3-2: Foul Ball, location: 2F
3-2: Strikes out swinging, 2-3 out at first.
Bottom of the 5th over - 0 run(s), 0 hit(s), 0 error(s), 0 left on base; Niagara Falls 3 - St Charles 3
TOP OF THE 6TH
Niagara Falls Frenzy batting - Pitching for St Charles Sheens : RHP Sang-joon Pak
Batting: LHB Clyde Yarbrough 0-0: Called Strike
0-1: Ball
1-1: Ball
2-1: SINGLE (Groundball, 34D)
Batting: SHB Martín De Jesús 0-0: Called Strike
0-1: Foul Ball, location: 2F
0-2: Ball
1-2: Strikes out swinging
Batting: RHB Ángel Hinojosa 0-0: Ball
1-0: Called Strike
Clyde Yarbrough steals 2nd base
1-1: SINGLE (Groundball, 34D)
Clyde Yarbrough to third
Batting: LHB Bill Hall 0-0: Called Strike
0-1: Ball
1-1: Swinging Strike
1-2: Strikes out swinging
Batting: RHB Tomás Estrada 0-0: Called Strike
0-1: Swinging Strike
0-2: Ball
1-2: Ground out 4-3 (Groundball, 34)
Top of the 6th over - 0 run(s), 2 hit(s), 0 error(s), 2 left on base; Niagara Falls 3 - St Charles 3
BOTTOM OF THE 6TH
St Charles Sheens batting - Pitching for Niagara Falls Frenzy : LHP Manuel Rodríguez
Batting: RHB Max Rash 0-0: Called Strike
0-1: Ground out 5-3 (Groundball, 56)
Batting: LHB Stan Bates 0-0: Ball
1-0: Ball
2-0: Fly out, F8 (Flyball, 78D)
Batting: LHB Juan Jose Rojas 0-0: SINGLE (Flyball, 5D)
Batting: LHB Gene Cooper 0-0: Called Strike
0-1: Ball
1-1: Swinging Strike
1-2: Foul Ball, location: 2F
1-2: Ball
2-2: Ball
3-2: Foul Ball, location: 2F
3-2: Foul Ball, location: 2F
3-2: SINGLE (Flyball, 89S)
Juan Jose Rojas to second
Juan Jose Rojas to third
Batting: LHB Marcos Cantú 0-0: Called Strike
0-1: Ball
1-1: Fly out, F7 (Flyball, 7)
Bottom of the 6th over - 0 run(s), 2 hit(s), 0 error(s), 2 left on base; Niagara Falls 3 - St Charles 3
TOP OF THE 7TH
Niagara Falls Frenzy batting - Pitching for St Charles Sheens : RHP Sang-joon Pak
Pitching: RHP Jeff Lynn
Batting: SHB Dave MacThomas 0-0: Foul Ball, location: 2F
0-1: SINGLE (Groundball, 4MD)
Pinch Hitting: LHB Leo Wyeth 0-0: Ball
1-0: Foul Ball, location: 2F
1-1: Ball
2-1: Sac Bunt - play at first, batter OUT! 4-3
Dave MacThomas to second
Batting: RHB Jorge Cora 0-0: Called Strike
0-1: Ball
1-1: Ball
2-1: Foul Ball, location: 2F
2-2: Ball
3-2: Strikes out swinging
Batting: RHB Zander Tremblett 0-0: Called Strike
0-1: Foul Ball, location: 2F
0-2: Ball
1-2: Ball
2-2: Foul Ball, location: 2F
2-2: Ball
3-2: SINGLE (Line Drive, 8LM)
Dave MacThomas to third
Dave MacThomas scores
Batting: LHB Clyde Yarbrough 0-0: Ball
1-0: Foul Ball, location: 2F
1-1: Ground out 4-3 (Groundball, 34D)
Top of the 7th over - 1 run(s), 2 hit(s), 0 error(s), 1 left on base; Niagara Falls 4 - St Charles 3
BOTTOM OF THE 7TH
St Charles Sheens batting - Pitching for Niagara Falls Frenzy : LHP Manuel Rodríguez
Pitching: RHP Jean Burrows
Now in CF: Leo Wyeth
Batting: RHB Kel Pierce 0-0: Ball
1-0: Fly out, F9 (Flyball, 89S)
Batting: RHB Jesús Hernández 0-0: Ball
1-0: Ball
2-0: Called Strike
2-1: Ground out 6-3 (Groundball, 56)
Batting: RHB Dan Tyler 0-0: Ball
1-0: Foul Ball, location: 2F
1-1: Swinging Strike
1-2: Ball
2-2: SINGLE (Line Drive, 8LS)
Batting: LHB Larry Howard 0-0: Called Strike
0-1: Foul Ball, location: 2F
0-2: Fielders Choice at 2nd, 4-6 (Groundball, 34)
Bottom of the 7th over - 0 run(s), 1 hit(s), 0 error(s), 0 left on base; Niagara Falls 4 - St Charles 3
TOP OF THE 8TH
Niagara Falls Frenzy batting - Pitching for St Charles Sheens : RHP Jeff Lynn
Batting: SHB Martín De Jesús 0-0: Called Strike
0-1: DOUBLE (Line Drive, 3D)
Batting: RHB Ángel Hinojosa 0-0: Ball
1-0: TRIPLE (Line Drive, 89XD)
Martín De Jesús scores
Batting: LHB Bill Hall 0-0: Intentional Walk
Batting: RHB Tomás Estrada 0-0: Ball
1-0: Fly out, F4 (Line Drive, 4)
Batting: SHB Dave MacThomas 0-0: Ball
1-0: Foul Ball, location: 2F
1-1: Swinging Strike
1-2: Ball
2-2: Strikes out swinging
Batting: LHB Leo Wyeth 0-0: Ball
1-0: Called Strike
1-1: Ball
2-1: Foul Ball, location: 2F
2-2: Foul Ball, location: 2F
2-2: Fly out, F8 (Flyball, 8LM)
Top of the 8th over - 1 run(s), 2 hit(s), 0 error(s), 2 left on base; Niagara Falls 5 - St Charles 3
BOTTOM OF THE 8TH
St Charles Sheens batting - Pitching for Niagara Falls Frenzy : RHP Jean Burrows
Batting: RHB Max Rash 0-0: Swinging Strike
0-1: Ball
1-1: Called Strike
1-2: Strikes out looking
Batting: LHB Stan Bates 0-0: Called Strike
0-1: Foul Ball, location: 2F
0-2: Ball
1-2: Ball
2-2: Foul Ball, location: 2F
2-2: Ground out 4-3 (Groundball, 34)
Batting: LHB Juan Jose Rojas 0-0: Ball
1-0: Called Strike
1-1: Ball
2-1: Ball
3-1: Base on Balls
Batting: LHB Gene Cooper 0-0: Ball
1-0: Swinging Strike
1-1: Foul Ball, location: 2F
1-2: Ball
2-2: Strikes out swinging
Bottom of the 8th over - 0 run(s), 0 hit(s), 0 error(s), 1 left on base; Niagara Falls 5 - St Charles 3
TOP OF THE 9TH
Niagara Falls Frenzy batting - Pitching for St Charles Sheens : RHP Jeff Lynn
Batting: RHB Jorge Cora 0-0: Foul Ball, location: 2F
0-1: Swinging Strike
0-2: Strikes out swinging, 2-3 out at first.
Batting: RHB Zander Tremblett 0-0: SINGLE (Groundball, 56D)
Batting: LHB Clyde Yarbrough 0-0: Ball
1-0: Called Strike
1-1: Ball
2-1: Swinging Strike
2-2: Fielders Choice at 2nd, 3-6 (Groundball, 34)
Pitching: RHP Álex Villegas
Batting: SHB Martín De Jesús 0-0: Swinging Strike
0-1: Foul Ball, location: 2F
0-2: Strikes out swinging
Top of the 9th over - 0 run(s), 1 hit(s), 0 error(s), 1 left on base; Niagara Falls 5 - St Charles 3
BOTTOM OF THE 9TH
St Charles Sheens batting - Pitching for Niagara Falls Frenzy : RHP Jean Burrows
Pitching: RHP Esteban Juárez
Batting: LHB Marcos Cantú 0-0: Ball
1-0: Ball
2-0: Fly out, F7 (Flyball, 7)
Batting: RHB Kel Pierce 0-0: Called Strike
0-1: Ball
1-1: Ball
2-1: Foul Ball, location: 2F
2-2: Foul Ball, location: 2F
2-2: Ball
3-2: Foul Ball, location: 2F
3-2: Strikes out looking and he ARGUES THE CALL AND IS TOSSED!
Batting: RHB Jesús Hernández 0-0: Foul Ball, location: 2F
0-1: Ball
1-1: Foul Ball, location: 2F
1-2: Ball
2-2: Strikes out swinging
Bottom of the 9th over - 0 run(s), 0 hit(s), 0 error(s), 0 left on base; Niagara Falls 5 - St Charles 3
Thursday, March 30th, 2017 - OOTP Baseball 17.12 Build 75